 Dungeon Crawl Stone Soup version 0.29-a0-553-g81b289dbe5 (webtiles) character file.

Game seed: 4364747331824255795

191 Atelerd the Slasher (level 6, -14/43 HPs)
             Began as a Human Chaos Knight on June 7, 2022.
             Was a Plaything of Xom.
             Demolished by an orc
             ... wielding a +0 dagger of electrocution
              (16 damage)
             ... on level 4 of the Dungeon.
             The game lasted 00:05:13 (3980 turns).

Atelerd the Slasher (Human Chaos Knight)            Turns: 3980, Time: 00:05:14

Health: -14/43     AC: 10    Str:  9 (11) XL:     6   Next: 2%
Magic:  6/6        EV: 11    Int: 10      God:    Xom [..*...]
Gold:   182        SH:  0    Dex:  9 (12) Spells: 5/5 levels left

rFire   . . .      SeeInvis .   k - +2 spear (venom)
rCold   . . .      Faith    .   (no shield)
rNeg    . . .      Spirit   .   i - +3 leather armour
rPois   .          Reflect  .   f - +1 helmet
rElec   .          Harm     .   (no cloak)
rCorr   .          Rampage  .   g - +2 pair of gloves
Will    .....                   (no boots)
Stlth   +.........              (no amulet)
HPRegen 0.14/turn               (no ring)
MPRegen 0.10/turn               (no ring)

@: no status effects
A: deformed body, dopey 1, frail 1, weak 2
a: Renounce Religion


You were on level 4 of the Dungeon.
You worshipped Xom.
You were a toy of Xom.
You visited 1 branch of the dungeon, and saw 4 of its levels.

You collected 182 gold pieces.

Inventory:

Hand Weapons
 a - a +0 falchion of chaos
 k - a +2 spear of venom (weapon)
Missiles
 o - a throwing net
Armour
 f - a +1 helmet (worn)
 g - a +2 pair of gloves (worn)
 i - a +3 leather armour (worn)
Jewellery
 l - a ring of protection from cold
Scrolls
 b - 2 scrolls of enchant armour {unknown}
 e - a scroll of immolation
 h - a scroll of amnesia
 j - a scroll of noise {unknown}
 m - a scroll of blinking {unknown}
 n - a scroll of brand weapon {unknown}
 q - a scroll of teleportation
 r - a scroll of fog {unknown}
Potions
 d - a potion of might {unknown}
 p - a potion of flight
 s - a potion of curing {unknown}
Miscellaneous
 c - a piece from Xom's chessboard (14/15) (quivered)


   Skills:
 + Level 3.9 Fighting
 - Level 4.0 Long Blades
 - Level 0.3 Polearms
 + Level 3.4 Armour
 + Level 2.3 Dodging
 - Level 0.9 Stealth


You had 5 spell levels left.
You didn't know any spells.
Your spell library contained the following spells:

 Spells                   Type           Power      Damage    Failure   Level
 Gell's Gravitas          Tloc           0%         N/A       83%         3
 Portal Projectile        Hex/Tloc       0%         N/A       83%         3
 Dispersal                Tloc           0%         N/A       100%        6


Dungeon Overview and Level Annotations

Branches:
Dungeon (4/15)
 Temple: D:4-7

Altars:

Annotations:
D:2 exclusion: downstairs


Innate Abilities, Weirdness & Mutations

Armour fits poorly on your strangely shaped body.
You are dopey. (Int -2)
You are frail. (-10% HP)
You are very weak. (Str -4)


Message History

The orc barely misses you.
You hit the orc.
You kill the orc!
The orc priest hits you but does no damage.
You barely miss the orc priest.
The orc hits you with a +0 dagger of electrocution.
You are electrocuted!
The orc priest closely misses you.
You hit the orc priest.
The orc priest is poisoned.
The orc priest is moderately wounded.
The orc hits you but does no damage.
The orc priest hits you but does no damage.
You hit the orc priest.
The orc priest looks as sick as possible!
The orc priest is heavily wounded.
The orc hits you but does no damage. The orc priest closely misses you.
A giant cockroach comes into view.
You barely miss the orc priest.
The orc priest is heavily wounded.
The orc hits you with a +0 dagger of electrocution.
The orc priest hits you with a +0 falchion.
You barely miss the orc priest.
The orc priest is almost dead.
You kill the orc priest!
The orc barely misses you.
You feel your dexterity returning.
You have reached level 6!
You hit the orc but do no damage.
The orc is poisoned.
The orc hits you but does no damage.
You are electrocuted!!
* * * LOW HITPOINT WARNING * * *
Xom thinks this is hilarious!
Unknown command.
Press: ? - help, v - describe, . - travel, g - get item
Here: an orc, wielding a +0 dagger of electrocution and wearing a +0 ring mail (lightly wounded, very poisoned)
Items here: a +0 dagger; a +0 leather armour.
The floor.
You hit the orc but do no damage.
The orc looks as sick as possible!
The orc is lightly wounded.
The orc hits you but does no damage.
You are electrocuted!
You die...
Xom laughs nastily! ### o.o

..# #######...#
#####.@o.B...#
#.....)####..#
#.........o..#
#....######....
#.........# ##
###....##.#
#.....#<#
#.....#........
+.....#..#####.


You could see an orc (extremely poisoned) and a giant cockroach.

Vanquished Creatures
  A hound (D:3)
  An orc priest (D:4)
  3 adders
  2 worms
  2 dart slugs (D:1)
  5 orcs
  8 ball pythons
  10 endoplasms
  2 giant cockroaches
  3 goblins
  11 hobgoblins
  5 jackals (D:1)
  7 quokkas
  7 bats
  8 kobolds
  7 rats
82 creatures vanquished.

Notes
Turn   | Place    | Note
-------+----------+-------------------------------------------
     0 | D:1      | Atelerd the Human Chaos Knight began the quest for the Orb.
     0 | D:1      | Reached XP level 1. HP: 18/18 MP: 1/1
   251 | D:1      | Reached XP level 2. HP: 23/24 MP: 2/2
   454 | D:1      | Reached XP level 3. HP: 23/29 MP: 3/3
  1020 | D:1      | XOM: divination: magic mapping
  1141 | D:1      | XOM: polymorph rat -> kobold
  1254 | D:1      | XOM: draining
  1315 | D:2      | XOM: 2-stop teleportation journey
  1337 | D:2      | XOM: give mutations
  1337 | D:2      | Gained mutation: You are frail. (-10% HP) [Xom's mischief]
  1337 | D:2      | Gained mutation: You are dopey. (Int -2) [Xom's mischief]
  1337 | D:2      | Gained mutation: You are weak. (Str -2) [Xom's mischief]
  1337 | D:2      | Gained mutation: You sometimes lose the ability to read
                  | scrolls when taking damage. [Xom's mischief]
  1340 | D:2      | Reached XP level 4. HP: 27/28 MP: 4/4
  1753 | D:2      | XOM: summons 3 hostile shadow creatures
  1830 | D:2      | XOM: 1-stop teleportation journey
  2120 | D:2      | Got the Incunabulum of Translocation
  2564 | D:2      | Found a faded altar of an unknown god.
  2589 | D:2      | XOM: stat loss: -1 Dex (11/12)
  2851 | D:3      | Reached XP level 5. HP: 29/36 MP: 5/5
  2860 | D:3      | Reached skill level 4 in Long Blades
  2872 | D:3      | XOM: stat loss: -1 Str (10/13)
  3284 | D:3      | XOM: summons 3 hostile demons
  3285 | D:3      | Noticed a chaos spawn
  3290 | D:3      | XOM: give mutations
  3290 | D:3      | Gained mutation: You are very weak. (Str -4) [Xom's
                  | mischief]
  3290 | D:3      | Gained mutation: Armour fits poorly on your strangely
                  | shaped body. [Xom's mischief]
  3290 | D:3      | Lost mutation: You sometimes lose the ability to read
                  | scrolls when taking damage. [Xom's mischief]
  3292 | D:3      | XOM: confuse monster(s)
  3801 | D:3      | XOM: cloud trail
  3979 | D:4      | Reached XP level 6. HP: 21/43 MP: 6/6
  3979 | D:4      | HP: 2/43 [orc/+0 dagger of electrocution (19)]
  3980 | D:4      | Demolished by an orc

Illustrated notes

Levels and vault maps discovered:
D:1:      shiori_arrival_maze, layout_loops_ring, kennysheep_boxes
D:2:      layout_loops_corners, ebering_ecumenical_altar_hall, minmay_ruptured
D:3:      layout_basic, minmay_pentomino_pile
D:4:      layout_basic, minmay_overflow_temple_star_quad,
          dreamdust_mushroom_princess, uniq_pikel, uniq_eustachio

Skill      XL: |  1  2  3  4  5 |
---------------+----------------+-----
Long Blades    | 4 |  4.0
Armour         | 3 |  3.4
Dodging        | 2 |  2.3
Fighting       | |  3.9
Polearms       | |  0.3
Stealth        | |  0.9

Action                   |  1- 3 |  4- 6 || total
-------------------------+-------+-------++-------
Melee: Falchion          |   119 |    27 ||   146
       Spear             |       |   109 ||   109
       Punch             |       |     2 ||     2
Evoke: Piece from Xom's  |       |     2 ||     2
  Use: Potion            |       |     2 ||     2
       Scroll            |       |     4 ||     4
 Stab: Sleeping          |     1 |     1 ||     2
       Paralysed         |     1 |       ||     1
Armor: Leather armour    |    59 |    63 ||   122
Dodge: Dodged            |    83 |    70 ||   153

Table legend: (Time is in decaauts)
 A = Elapsed time spent in this place.
 B = Non-inter-level travel time spent in this place.
 C = Inter-level travel time spent in this place.
 D = Time resting spent in this place.
 E = Time spent auto-exploring this place.
 F = Levels seen in this place.
 G = Mean time per level.
                   A        B        C        D        E       F      G
               +--------+--------+--------+--------+--------+-----+--------+
         Total |   4007 |   3821 |    186 |    411 |   2788 |   4 | 1001.8 |
       Dungeon |   4007 |   3821 |    186 |    411 |   2788 |   4 | 1001.8 |
               +--------+--------+--------+--------+--------+-----+--------+

Top non-repeatable levels by time:
     D:2: 1450 daAuts
     D:1: 1298 daAuts
     D:3: 1224 daAuts
     D:4: 33 daAuts
